 Dungeon Crawl Stone Soup version 0.17-a0-1718-g72dbe4d (webtiles) character file.

99 urechis the Skirmisher (level 4, -2/37 HPs)
             Began as a Demonspawn Abyssal Knight on Aug 24, 2015.
             Was a Believer of Lugonu.
             Slain by an orc wizard
             ... wielding a +0 dagger
              (3 damage)
             ... on level 3 of the Dungeon.
             The game lasted 00:06:10 (2865 turns).

urechis the Skirmisher (Demonspawn Abyssal Knight)  Turns: 2865, Time: 00:06:11

Health: -2/37      AC:  5    Str: 13    XL:     4   Next: 45%
Magic:  5/5        EV: 10    Int: 13    God:    Lugonu [**....]
Gold:   127        SH:  3    Dex: 13    Spells: 0 memorised, 3 levels left

rFire  . . .     SeeInvis .     a - +2 mace
rCold  + . .     Clarity  .     b - +1 leather armour
rNeg   . . .     SustAt   .     k - +0 buckler
rPois  .         Gourm    .     (no helmet)
rElec  .         Spirit   .     o - +0 cloak
rCorr  .         Warding  .     (no gloves)
rMut   .         Rnd*Tele +     (no boots)
MR     .....                    (no amulet)
Stlth  +.........               (no ring)
                                m - ring of teleportation (curse)

@: slowed, very slow, not resistant to hostile enchantments, very unstealthy
A: talons 1, cold resistance 1
a: Depart the Abyss, Bend Space, Renounce Religion, Evoke Teleportation


You were on level 3 of the Dungeon.
You worshipped Lugonu.
Lugonu was pleased with you.
You were hungry.

You visited 1 branch of the dungeon, and saw 3 of its levels.
You visited the Abyss 1 time.

You collected 127 gold pieces.

Inventory:

Hand weapons
 a - a +2 mace (weapon)
Armour
 b - a +1 leather armour (worn)
 k - a +0 buckler (worn)
 o - a +0 cloak (worn)
Jewellery
 m - a cursed ring of teleportation (left hand)
Scrolls
 d - 2 scrolls of remove curse {unknown}
 f - 2 scrolls of immolation
 h - 3 scrolls of recharging
 i - 2 scrolls of blinking
Potions
 e - a potion of brilliance {unknown}
 j - 3 potions of curing {unknown}
 l - 2 potions of lignification {unknown}
Comestibles
 c - 3 bread rations
 g - 3 meat rations
 n - 3 fruits


   Skills:
 + Level 4.1 Fighting
 * Level 3.3 Maces & Flails
 - Level 1.7 Armour
 - Level 1.1 Dodging
 - Level 2.5 Invocations


You had 3 spell levels left.
You didn't know any spells.

Dungeon Overview and Level Annotations

Branches:
Dungeon (3/15)

Altars:
Kikubaaqudgha
Qazlal


Innate Abilities, Weirdness & Mutations

You have sharp toenails.
Your flesh is cold resistant.


Message History

The orc wizard hits you with a dagger.
* * * LOW HITPOINT WARNING * * *
The orc wizard points at you and mumbles some strange words.
You resist with some effort. The orc wizard closely misses you.
The orc hits you with a morningstar.
* * * LOW HITPOINT WARNING * * *
You hit the orc wizard.
The orc wizard is lightly wounded.
The orc wizard points at you and mumbles some strange words.
The magic dart hits you!
* * * LOW HITPOINT WARNING * * *
The orc wizard hits you but does no damage.
The orc barely misses you. The orc wizard hits you with a dagger.
* * * LOW HITPOINT WARNING * * *
The orc closely misses you.
You closely miss the orc wizard.
The orc wizard is lightly wounded.
The orc wizard closely misses you. The orc hits you but does no damage.
The orc wizard hits you with a dagger.
You die...

#. #######(##..###.. ....
................. ....
.......)o.o...... ...#.
###...##o........
##...#####.###oo........
E#...#E#........((......
##...#####.#............
...........##.(.........##.
#....._...@#..##.#.##......
#........ooo..............
###...###o..#....#....... ..
#E#...#E#.......##....... ...
###...###†......# #.....
....##.......#........# #.####
....#..........#..###.#.#.##..
#...............##.## #...#....#
#.....#.........##.####......###


You could see an earth elemental, a water elemental, a fire elemental, an air
elemental, an orc wizard and 3 orcs.

Vanquished Creatures
  2 adders (D:2)
  An ooze (D:1)
  2 worms (D:2)
  3 giant geckos
  3 orcs (D:3)
  5 bats (D:1)
  6 goblins
  12 hobgoblins
  4 jackals (D:1)
  A ball python (D:3)
  3 giant cockroaches
  5 giant newts
  9 kobolds
  A quokka (D:2)
  7 rats
64 creatures vanquished.

Notes
Turn   | Place    | Note
--------------------------------------------------------------
     0 | Abyss:1  | urechis the Demonspawn Abyssal Knight began the quest for the Orb.
     0 | Abyss:1  | Reached XP level 1. HP: 18/18 MP: 2/2
    45 | Abyss:1  | Noticed a hungry ghost
    75 | Abyss:1  | Noticed a large abomination
    80 | D:1      | Escaped the Abyss
   313 | D:1      | Reached skill level 1 in Dodging
   466 | D:1      | Gained mutation: Your flesh is cold resistant. [demonic ancestry]
   466 | D:1      | Reached XP level 2. HP: 16/24 MP: 3/3
   519 | D:1      | Acquired Lugonu's first power
   942 | D:1      | Reached XP level 3. HP: 24/29 MP: 4/4
  1767 | D:2      | Found a stormy altar of Qazlal.
  1883 | D:2      | Acquired Lugonu's second power
  2003 | D:2      | Reached skill level 4 in Fighting
  2022 | D:2      | Gained mutation: You have sharp toenails. [demonic ancestry]
  2022 | D:2      | Reached XP level 4. HP: 28/37 MP: 5/5
  2328 | D:2      | Found an ancient bone altar of Kikubaaqudgha.
  2804 | D:3      | Found a stormy altar of Qazlal.
  2805 | D:3      | Noticed a fire elemental
  2829 | D:3      | Noticed an air elemental
  2856 | D:3      | Noticed a water elemental
  2864 | D:3      | HP: 1/37 [orc wizard/dagger (1)]
  2865 | D:3      | Slain by an orc wizard

Vault maps used:
D:1:      lightli_arrival_isolated_outpost
D:2:      lemuel_doored_altar, overflow_temple_1_default, st_stairs_11
D:3:      nicolae_overflow_crystal_walls, zin_purify, vehumet_altar_wand_db,
          nicolae_qazlal_style_of_elements, uniq_grinder

Action                   |  1- 3 |  4- 6 || total
-------------------------+-------+-------++-------
Melee: Mace              |   144 |    48 ||   192
Invok: Depart the Abyss  |     1 |       ||     1
  Use: Scroll            |       |     5 ||     5
 Stab: Sleeping          |     2 |       ||     2
  Eat: Chunk             |     4 |     2 ||     6
